 Dungeon Crawl Stone Soup version 0.16-a0-4111-gf762223 (webtiles) character file.

525 timbw the Slasher (level 6, -1/48 HPs)
             Began as a Demigod Gladiator on Feb 26, 2015.
             Slain by a hippogriff (3 damage)
             ... on level 7 of the Dungeon.
             The game lasted 00:07:06 (2270 turns).

timbw the Slasher (Demigod Gladiator)               Turns: 2270, Time: 00:07:06

Health: -1/48      AC:  8    Str: 18    XL:     6   Next: 71%
Magic:  10/10      EV: 15    Int: 12    God:
Gold:   93         SH:  0    Dex: 20    Spells: 0 memorised, 5 levels left

rFire  . . .     SeeInvis .     a - +0 long sword
rCold  . . .     Clarity  +     b - +0 leather armour
rNeg   . . .     SustAb   +     (no shield)
rPois  .         Gourm    .     c - +0 helmet
rElec  .         Spirit   .     (no cloak)
rCorr  +         Warding  .     (no gloves)
rMut   .         Stasis   .     (no boots)
MR     .....                    n - amulet of resist corrosion
Stlth  ++........               (no ring)
                                (no ring)

@: not resistant to hostile enchantments, unstealthy
A: iridescent scales 1, clarity, placid magic 1, sustain abilities
a: no special abilities


You were on level 7 of the Dungeon.
You were not hungry.

You visited 1 branch of the dungeon, and saw 7 of its levels.
You also visited: Ossuary.

You collected 93 gold pieces.

Inventory:

Hand weapons
 a - a +0 long sword (weapon)
 d - a +1 dagger of venom
 o - a cursed +0 blowgun
Missiles
 p - 19 poisoned needles
Armour
 b - a +0 leather armour (worn)
 c - a +0 helmet (worn)
 i - a cursed +0 scale mail
Jewellery
 n - an amulet of resist corrosion (around neck)
Scrolls
 j - a scroll of noise {unknown}
 k - a scroll of teleportation {unknown}
 s - a scroll of amnesia {unknown}
 t - a scroll of random uselessness {unknown}
 w - a scroll of fear {unknown}
Potions
 l - a potion of lignification
 m - 3 potions of flight
 q - a potion of restore abilities
 u - a potion of ambrosia
 v - a potion of berserk rage
 x - 2 potions of might
 z - a potion of agility {unknown}
 A - a potion of haste {unknown}
Comestibles
 f - 2 bread rations
 g - a beef jerky
 h - 3 fruits
 B - 3 chunks of flesh


   Skills:
 - Level 1.7 Fighting
 * Level 6.4 Long Blades
 - Level 1.7 Throwing
 + Level 4.3 Dodging


You had 5 spell levels left.
You didn't know any spells.

Dungeon Overview and Level Annotations

Branches:
Dungeon (7/15)
 Temple: D:4-7


Innate Abilities, Weirdness & Mutations

Your attributes are resistant to harm.
You are partially covered in iridescent scales (AC +4).
You possess an exceptional clarity of mind.
Your spells are a little easier to cast, but a little less powerful.


Message History

The hippogriff misses you.
You barely miss the hippogriff.
The hippogriff is severely wounded.
The hippogriff closely misses you.
The hippogriff pecks you but does no damage.
The hippogriff completely misses you.
You hit the hippogriff.
The hippogriff is almost dead.
The hippogriff misses you. The hippogriff closely misses you.
The hippogriff barely misses you.
You hit the hippogriff.
The hippogriff is almost dead.
The hippogriff bites you but does no damage.
The hippogriff pecks you!
* * * LOW HITPOINT WARNING * * *
The hippogriff barely misses you.
You hit the hippogriff.
The hippogriff is almost dead.
The hippogriff bites you.
You die...

# ##.#.........
..###......#...#.
#%##..#..........
#.##.###..##.....
#.##..#...###.#..
#.##..........#.. #.#
#.##.#.#.###..#..
#....###.##.#........##.
#...>..@.##.###.###..##≈
###...###H##.# #≈###..##.
......H)..##≈# #.........
###...###.##.#######..###
## #......)..>...#
##.##########.# #.# #.#
#.# ... #.# .#.#


You could see a hippogriff.

Vanquished Creatures
  Menkaure (Ossuary)
  A sky beast (D:7)
  An ice beast (D:7)
  A crocodile (D:5)
  A hound (D:4)
  An orc wizard (D:3)
  2 worker ants
  Ijyb (D:2)
  A hound zombie (D:5)
  A mummy (Ossuary)
  4 adders
  A shadow imp (D:5)
  2 giant geckos (D:5)
  An ooze (D:2)
  7 orcs
  2 ball pythons (D:2)
  2 bats (D:2)
  2 giant cockroaches (D:2)
  A hobgoblin (D:2)
  4 kobolds
  3 quokkas (D:2)
  A giant newt (D:2)
  A gnoll skeleton (Ossuary)
  3 goblins (D:2)
  A goblin skeleton (Ossuary)
  2 hobgoblin skeletons (Ossuary)
  4 hobgoblin zombies (Ossuary)
  A kobold skeleton (Ossuary)
  3 kobold zombies (Ossuary)
  4 orc skeletons (Ossuary)
  3 orc zombies (Ossuary)
  2 rats
  2 rat skeletons (Ossuary)
  A ballistomycete (D:3)
68 creatures vanquished.

Vanquished Creatures (others)
  3 ogres (D:4)
  2 worker ants (D:4)
  2 mummies (Ossuary)
  A ball python (D:4)
  A gnoll zombie (Ossuary)
  2 goblins (D:4)
  A giant spore (D:3)
  4 goblin skeletons (Ossuary)
  2 goblin zombies (Ossuary)
  2 hobgoblin skeletons (Ossuary)
  2 hobgoblin zombies (Ossuary)
  A jackal (D:4)
  A kobold (D:4)
  5 kobold skeletons (Ossuary)
  5 kobold zombies (Ossuary)
  An orc zombie (Ossuary)
  3 rat skeletons (Ossuary)
  4 rat zombies (Ossuary)
42 creatures vanquished.

Grand Total: 110 creatures vanquished

Notes
Turn   | Place    | Note
--------------------------------------------------------------
     0 | D:1      | timbw, the Demigod Gladiator, began the quest for the Orb.
     0 | D:1      | Reached XP level 1. HP: 17/17 MP: 2/2
    15 | D:2      | Reached skill level 3 in Long Blades
    15 | D:2      | Reached XP level 2. HP: 19/24 MP: 3/3
   202 | D:2      | Noticed Ijyb
   331 | D:2      | Killed Ijyb
   331 | D:2      | Reached skill level 4 in Long Blades
   331 | D:2      | Reached XP level 3. HP: 10/29 MP: 5/5
   643 | D:3      | Reached XP level 4. HP: 24/36 MP: 7/7
   845 | D:4      | Killed an ogre
   856 | D:4      | Killed an ogre
   860 | D:4      | Killed an ogre
   884 | D:4      | Found a radiant altar of Vehumet.
   891 | D:5      | Entered Level 5 of the Dungeon
  1171 | D:5      | Found a sand-covered staircase.
  1178 | D:5      | Reached skill level 5 in Long Blades
  1178 | D:5      | Reached XP level 5. HP: 30/41 MP: 8/8
  1183 | Ossuary  | Entered an ossuary
  1675 | Ossuary  | Noticed Menkaure
  1680 | Ossuary  | Killed Menkaure
  1895 | D:5      | Noticed a crocodile
  1910 | D:5      | Killed a crocodile
  2077 | D:5      | Reached XP level 6. HP: 39/48 MP: 10/10
  2131 | D:6      | Gained mutation: Your spells are a little easier to cast, but a little less powerful. [potion of mutation]
  2131 | D:6      | Gained mutation: You possess an exceptional clarity of mind. [potion of mutation]
  2131 | D:6      | Gained mutation: You are partially covered in iridescent scales (AC +4). [potion of mutation]
  2135 | D:6      | Noticed an ice beast
  2189 | D:7      | Reached skill level 6 in Long Blades
  2248 | D:7      | Noticed a hippogriff
  2269 | D:7      | HP: 2/48 [hippogriff (7)]
  2270 | D:7      | Slain by a hippogriff

Action                   |  1- 3 |  4- 6 || total
-------------------------+-------+-------++-------
Melee: Long sword        |    59 |   125 ||   184
       Dagger            |    10 |    67 ||    77
Throw: Throwing net      |     5 |     5 ||    10
  Use: Potion            |       |     3 ||     3
       Scroll            |       |     6 ||     6
 Stab: Held in net/web   |       |     3 ||     3
       Distracted        |       |     1 ||     1
  Eat: Bread ration      |       |     1 ||     1
